 Dungeon Sprint DCSS version 0.29-a0-824-gd827844252 (webtiles) character file.

Game seed: 3598713418421005669

294 mhtbhm the Grappler (level 6, -12/51 HPs)
             Began as a Formicid Transmuter on July 9, 2022.
             Mangled by a spatial vortex (14 damage)
             ... in the Dungeon (Sprint III: "The Ten Rune Challenge").
             The game lasted 00:01:16 (799 turns).

mhtbhm the Grappler (Formicid Transmuter)            Turns: 799, Time: 00:01:17

Health: -12/51     AC:  5    Str: 17    XL:     6   Next: 60%
Magic:  7/15       EV: 11    Int: 12    God:
Gold:   27         SH:  0    Dex: 14    Spells: 7/17 levels left

rFire   x . .      SeeInvis .     - Unarmed
rCold   + + +      Faith    .   (shield currently unavailable)
rNeg    . . .      Spirit   .   (body armour currently unavailable)
rPois   +          Reflect  .   (helmet unavailable)
rElec   .          Harm     .   (cloak currently unavailable)
rCorr   .          Rampage  .   (gloves currently unavailable)
Will    .....                   (boots currently unavailable)
Stlth   ++........              (no amulet)
HPRegen 0.17/turn               (no ring)
MPRegen 0.14/turn               (no ring)

@: ice-form, wereblooded (expiring)
A: freezing attack, amphibious, boosted hp, permanent stasis, dig shafts and
tunnels, large, (antennae 3), four strong arms
a: End Transformation


You were in the Dungeon.
You were a creature of crystalline ice.
You visited 1 branch You collected 27 gold pieces.

Inventory:

Armour
 a - a +0 robe (melded)
Scrolls
 f - a scroll of amnesia {unknown}
 g - 2 scrolls of immolation {unknown}
 h - 3 scrolls of identify
Potions
 b - 4 potions of mutation {unknown}
 c - a potion of curing
 d - a potion of heal wounds
 e - 2 potions of magic
 i - a potion of degeneration {unknown}
 j - a potion of haste {unknown}


   Skills:
 + Level 1.1 Fighting
 + Level 4.1 Dodging
 + Level 3.3 Stealth
 + Level 9.0 Unarmed Combat
 + Level 6.3 Spellcasting
 + Level 6.3 Transmutations
 + Level 0.8 Ice Magic


You had 7 spell levels left.
You knew the following spells:

 Your Spells              Type           Power      Damage    Failure   Level
a - Beastly Appendage     Tmut           38%        N/A       1%          1
b - Wereblood             Tmut           19%        N/A       1%          2
c - Spider Form           Tmut/Pois      11%        N/A       14%         3
d - Ice Form              Ice/Tmut       12%        N/A       36%         4

Your spell library contained the following spells:

 Spells                   Type           Power      Damage    Failure   Level


Dungeon Overview and Level Annotations

Branches:
Dungeon (1/1)

Altars:
Cheibriados
Fedhas
Gozag
Hepliaklqana
Makhleb
Nemelex Xobeh
Qazlal
Xom
Jiyva
Lugonu


Innate Abilities, Weirdness & Mutations

You are a creature of crystalline ice.
You have a powerful freezing melee attack.
You are amphibious.
Your maximum health is increased.
Your armour is entirely melded.
You are incapable of wielding weapons or throwing items.
You cannot be hasted, slowed, berserked, paralysed or teleported.
You can dig through walls and to a lower floor.
((You have a pair of large antennae on your head. (SInv)))
Your four strong arms can wield two-handed weapons with a shield.


Message History

There is a snail-covered altar of Cheibriados here.
Your primal bloodlust is almost over.
There is a hazy altar of Hepliaklqana here.
The spatial vortex hits you! Space warps around you.
There is an opulent altar of Gozag here.
You are too injured to fight recklessly!
You are too injured to fight recklessly!
You are too injured to fight recklessly!
You are too injured to fight recklessly!
You are too injured to fight recklessly!
You are too injured to fight recklessly!
You are too injured to fight recklessly!
You are too injured to fight recklessly!
You are too injured to fight recklessly!
You are too injured to fight recklessly!
You are too injured to fight recklessly!
You are too injured to fight recklessly!
You are too injured to fight recklessly!
You are too injured to fight recklessly!
You are too injured to fight recklessly!
You are too injured to fight recklessly!
You are too injured to fight recklessly!
You are too injured to fight recklessly!
You are too injured to fight recklessly!
You are too injured to fight recklessly!
You are too injured to fight recklessly!
You are too injured to fight recklessly!
You punch the spatial vortex!
The spatial vortex is lightly damaged.
You punch the spatial vortex!
The spatial vortex is heavily damaged.
The spatial vortex hits you. Space warps horribly around you!
* * * LOW HITPOINT WARNING * * *
You hit the spatial vortex.
The spatial vortex is heavily damaged.
Unknown command.
Press < or > to pray at altars.
The spatial vortex attacks as you move away!
The spatial vortex hits you!
You die...

#### ##.# ...#####..#
{ ....#..#..#{ { {{
{{{
#)..#..#..###+#+###+##
{{{
##..##'#..#..........#
{{{
##..###...'.⌠........#
#..####...#...######'#
#..###....#.⌠.#_v#...#
...##.....#...#_Y#...#
...#.÷....#+###__#...#
.##.#.....# {{#__#...+
. ####....# #__'...# {
▓ ▓▓▓▓▓▓ ▓▓▓▓▓▓▓▓ {{ {
{{


You could see a spatial vortex.

Vanquished Creatures
  A shadow (D)
  A water elemental (D)
  A jelly (D)
  Jessica (D)
  A human (D)
  A phantom (D)
  3 rats (D)
9 creatures vanquished.

Notes
Turn   | Place    | Note
-------+----------+-------------------------------------------
     0 | D        | mhtbhm the Formicid Transmuter began the quest for the Orb.
     0 | D        | Reached XP level 1. HP: 15/15 MP: 3/3
   112 | D        | Noticed Jessica
   131 | D        | Killed Jessica
   132 | D        | Reached skill level 5 in Unarmed Combat
   132 | D        | Reached XP level 2. HP: 16/21 MP: 4/6
   132 | D        | Reached XP level 3. HP: 20/26 MP: 4/7
   215 | D        | Learned a level 2 spell: Wereblood
   219 | D        | Learned a level 3 spell: Spider Form
   477 | D        | Reached skill level 1 in Stealth
   477 | D        | Reached XP level 4. HP: 32/32 MP: 3/9
   621 | D        | Noticed a water elemental
   626 | D        | Killed a water elemental
   627 | D        | Reached skill level 7 in Unarmed Combat
   627 | D        | Reached XP level 5. HP: 37/37 MP: 9/11
   777 | D        | Learned a level 4 spell: Ice Form
   780 | D        | Noticed a shadow
   785 | D        | Killed a shadow
   786 | D        | Reached skill level 8 in Unarmed Combat
   786 | D        | Reached XP level 6. HP: 39/43 MP: 6/15
   787 | D        | Reached skill level 9 in Unarmed Combat
   791 | D        | Found a blossoming altar of Fedhas.
   791 | D        | Found a stormy altar of Qazlal.
   792 | D        | Found a snail-covered altar of Cheibriados.
   792 | D        | Found a burning altar of Makhleb.
   792 | D        | Found a hazy altar of Hepliaklqana.
   792 | D        | Found a shimmering altar of Xom.
   792 | D        | Found an opulent altar of Gozag.
   792 | D        | Found a sparkling altar of Nemelex Xobeh.
   792 | D        | Found a corrupted altar of Lugonu.
   792 | D        | Found a viscous altar of Jiyva.
   792 | D        | Noticed a spatial vortex
   797 | D        | HP: 2/51 [spatial vortex (17)]
   799 | D        | Mangled by a spatial vortex

Illustrated notes

Levels and vault maps discovered:
D:        dungeon_sprint_mu [sprint_mu_entry_cave, sprint_mu_temple_rooms,
          sprint_mu_d1_horrors, sprint_mu_d2_genie, sprint_mu_d3_branching,
          sprint_mu_orc_legion, sprint_mu_elf_gauntlet, sprint_mu_hive_nellie,
          sprint_mu_lair_fedhas, sprint_mu_vaults_butterflies,
          sprint_mu_slime_circle, sprint_mu_swamp_cave, sprint_mu_snake_twists,
          sprint_mu_blade_basic, sprint_mu_crypt_fortress,
          sprint_mu_tomb_spiral, sprint_mu_vestibule_basic,
          sprint_mu_gehenna_hellfire, sprint_mu_dis_giant,
          sprint_mu_tartarus_statrot, sprint_mu_cocytus_islands, sprint_mu_zot1]

Skill      XL: |  1  2  3  4  5  6 |
---------------+-------------------+-----
Dodging        | 2 3 4 |  4.1
Unarmed Combat | 5 7 8 9 |  9.0
Spellcasting   | 3 4 6 |  6.3
Transmutations | 3 4 6 |  6.3
Stealth        | 1 3 |  3.3
Fighting       | |  1.1
Ice Magic      | |  0.8

Action                   |  1- 3 |  4- 6 || total
-------------------------+-------+-------++-------
Melee: Unarmed           |    22 |    11 ||    33
       Kick              |     1 |       ||     1
       Punch             |     1 |       ||     1
 Cast: Beastly Appendage |     1 |       ||     1
       Wereblood         |     2 |     1 ||     3
       Spider Form       |     1 |       ||     1
       Ice Form          |       |     1 ||     1
  Use: Potion            |     1 |     1 ||     2
 Stab: Sleeping          |     1 |       ||     1
Armor: Skin              |     2 |     1 ||     3
Dodge: Dodged            |     6 |       ||     6

Table legend: (Time is in decaauts)
 A = Elapsed time spent in this place.
 B = Non-inter-level travel time spent in this place.
 C = Inter-level travel time spent in this place.
 D = Time resting spent in this place.
 E = Time spent auto-exploring this place.
 F = Levels seen in this place.
 G = Mean time per level.
                   A        B        C        D        E       F      G
               +--------+--------+--------+--------+--------+-----+--------+
         Total |    795 |    795 |      0 |    618 |      0 |   1 |  795.0 |
       Dungeon |    795 |    795 |      0 |    618 |      0 |   1 |  795.0 |
               +--------+--------+--------+--------+--------+-----+--------+

Top non-repeatable levels by time:
       D: 795 daAuts
